General information
- name: BNet
- type: Ladder team game (AT/RT)
- host: Battle.net
- saver: BEAR_AND
map: Highperch
- players: 6
- length: 59:53
- speed: Fast
- version: 1.27 W3XP
- replay type:

» download(432 KB)
Players
team 1 (loser)

»
BosniaRazzarac (
orange | 127 APM | 4890 actions | 38:27)
6 Archmage
2 Summon Water Elemental
3 Brilliance Aura
1 Blizzard
4 Mountain King
2 Storm Bolt
2 Bash
» actions
| Assign group hotkey | 114 | |
| Basic commands | 197 | |
| Build / train | 121 | |
| ESC pressed | 1 | |
| Enter build submenu | 29 | |
| Enter hero's abilities submenu | 9 | |
| Give item / drop item | 3 | |
| Remove unit from queue | 1 | |
| Right click | 1810 | |
| Select / deselect | 693 | |
| Select group hotkey | 1726 | |
| Use ability | 186 | |
4890 total
» units
| Peasant | 14 | |
| Footman | 7 | |
| Mortar Team | 11 | |
| Sorceress | 6 | |
| Priest | 1 | |
| Spell Breaker | 7 | |
| Siege Engine | 4 | |
| Flying Machine | 16 | |
66 total
» upgrades
| Flare | 1 | |
| Barrage | 1 | |
| Lumber Harvesting | 1 | |
| Fragmentation Shards | 1 | |
| Plating | 2 | |
| Armor | 3 | |
| Gunpowder | 3 | |
| Flak Cannons | 1 | |
| Flying Machine Bombs | 1 | |
14 total
» buildings
| Altar of Kings | 1 | |
| Farm | 11 | |
| Barracks | 1 | |
| Scout Tower | 6 | |
| Arcane Tower | 2 | |
| Arcane Vault | 2 | |
| Keep | 1 | |
| Blacksmith | 1 | |
| Lumber Mill | 1 | |
| Arcane Sanctum | 1 | |
| Workshop | 3 | |
| Guard Tower | 2 | |
| Town Hall | 2 | |
| Castle | 1 | |
35 total
» build order
00:08 Altar of Kings
00:19 Farm
00:34 Barracks
00:56 Farm
01:50 Scout Tower
02:03 Farm
02:29 Arcane Tower
02:57 Farm
03:01 Arcane Vault
03:41 Keep
03:59 Blacksmith
04:26 Farm
04:27 Lumber Mill
05:10 Farm
06:10 Arcane Sanctum
06:11 Workshop
06:23 Scout Tower
06:25 Scout Tower
06:27 Scout Tower
06:59 Guard Tower
07:53 Farm
09:43 Farm
10:12 Arcane Vault
10:52 Scout Tower
11:21 Guard Tower
11:23 Arcane Tower
13:19 Town Hall
16:04 Castle
17:40 Workshop
17:42 Workshop
18:08 Scout Tower
19:16 Farm
19:16 Farm
19:17 Farm
24:27 Town Hall
» items
| Scroll of Regeneration | 12 | |
| Lesser Clarity Potion | 5 | |
| Tome of Retraining | 1 | |
18 total
hotDaddy (
pink | 92 APM | 4218 actions | 45:47)
5 Priestess of the Moon
2 Searing Arrows
3 Trueshot Aura
3 Keeper of the Grove
2 Entangling Roots
1 Thorns Aura
» actions
| Assign group hotkey | 110 | |
| Basic commands | 328 | |
| Build / train | 106 | |
| ESC pressed | 1 | |
| Enter build submenu | 28 | |
| Enter hero's abilities submenu | 8 | |
| Give item / drop item | 1 | |
| Right click | 1988 | |
| Select / deselect | 514 | |
| Select group hotkey | 1031 | |
| Use ability | 103 | |
4218 total
» units
| Wisp | 36 | |
| Huntress | 8 | |
| Glaive Thrower | 5 | |
| Chimaera | 10 | |
| Hippogryph | 8 | |
| Druid of the Talon | 1 | |
| Siege Engine | 1 | |
69 total
» upgrades
| Strength of the Wild | 3 | |
| Reinforced Hides | 3 | |
| Corrosive Breath | 1 | |
| Plating | 1 | |
8 total
» buildings
| Altar of Elders | 1 | |
| Moon Well | 10 | |
| Hunter's Hall | 1 | |
| Ancient of War | 2 | |
| Ancient Protector | 4 | |
| Tree of Life | 2 | |
| Tree of Ages | 2 | |
| Tree of Eternity | 2 | |
| Ancient of Wind | 2 | |
| Chimaera Roost | 3 | |
29 total
» build order
00:07 Altar of Elders
00:22 Moon Well
01:27 Hunter's Hall
02:04 Ancient of War
02:08 Ancient of War
02:27 Moon Well
02:45 Moon Well
04:34 Moon Well
05:42 Ancient Protector
05:49 Tree of Life
08:14 Tree of Ages
08:14 Tree of Ages
10:00 Ancient Protector
10:26 Ancient Protector
12:26 Tree of Eternity
12:26 Tree of Eternity
13:03 Ancient Protector
13:20 Ancient of Wind
13:23 Moon Well
14:52 Chimaera Roost
15:21 Chimaera Roost
15:24 Chimaera Roost
15:34 Moon Well
15:36 Moon Well
15:59 Moon Well
16:32 Moon Well
16:53 Moon Well
19:17 Tree of Life
38:33 Ancient of Wind
» items
| Dust of Appearance | 1 | |
| Scroll of Regeneration | 2 | |
| Lesser Clarity Potion | 1 | |
| Scroll of Healing | 1 | |
| Scroll of Protection | 1 | |
6 total
JustRelax. (
teal | 98 APM | 5854 actions | 59:50)
5 Death Knight
3 Death Coil
2 Unholy Aura
4 Lich
2 Frost Nova
2 Frost Armor
» actions
| Assign group hotkey | 43 | |
| Basic commands | 155 | |
| Build / train | 62 | |
| ESC pressed | 11 | |
| Enter build submenu | 33 | |
| Enter hero's abilities submenu | 9 | |
| Give item / drop item | 2 | |
| Remove unit from queue | 2 | |
| Right click | 2934 | |
| Select / deselect | 412 | |
| Select group hotkey | 2075 | |
| Use ability | 116 | |
5854 total
» units
| Acolyte | 9 | |
| Ghoul | 3 | |
| Crypt Fiend | 5 | |
| Frost Wyrm | 5 | |
| Gargoyle | 2 | |
| Siege Engine | 2 | |
26 total
» upgrades
| Creature Attack | 3 | |
| Web | 1 | |
| Freezing Breath | 1 | |
| Creature Carapace | 1 | |
6 total
» buildings
| Graveyard | 1 | |
| Crypt | 2 | |
| Ziggurat | 9 | |
| Altar of Darkness | 1 | |
| Tomb of Relics | 2 | |
| Nerubian Tower | 1 | |
| Halls of the Dead | 2 | |
| Black Citadel | 2 | |
| Sacrificial Pit | 3 | |
| Boneyard | 2 | |
| Necropolis | 2 | |
27 total
» build order
00:12 Graveyard
00:17 Crypt
00:25 Ziggurat
00:47 Altar of Darkness
01:13 Ziggurat
01:36 Tomb of Relics
01:51 Tomb of Relics
02:31 Nerubian Tower
04:08 Halls of the Dead
04:35 Ziggurat
06:21 Ziggurat
06:50 Black Citadel
07:20 Sacrificial Pit
08:37 Ziggurat
09:17 Boneyard
09:36 Boneyard
13:10 Ziggurat
14:16 Ziggurat
15:27 Ziggurat
20:11 Necropolis
20:24 Necropolis
21:23 Ziggurat
22:33 Halls of the Dead
34:28 Sacrificial Pit
36:10 Black Citadel
38:33 Crypt
46:37 Sacrificial Pit
» items
| Rod of Necromancy | 4 | |
| Sacrificial Skull | 1 | |
| Potion of Healing | 1 | |
| Scroll of Town Portal | 1 | |
| Scroll of Regeneration | 1 | |
| Lesser Clarity Potion | 1 | |
| Scroll of Healing | 1 | |
| Dust of Appearance | 2 | |
12 total
team 2 (winner)
BEAR_AND (
yellow | 88 APM | 5259 actions | 59:53)
6 Blademaster
3 Wind Walk
2 Critical Strike
1 Bladestorm
» actions
| Assign group hotkey | 21 | |
| Basic commands | 3 | |
| Build / train | 63 | |
| Enter build submenu | 40 | |
| Enter hero's abilities submenu | 6 | |
| Give item / drop item | 2 | |
| Right click | 3781 | |
| Select / deselect | 521 | |
| Select group hotkey | 509 | |
| Use ability | 309 | |
5259 total
» units
| Peon | 10 | |
| Troll Batrider | 18 | |
| Wind Rider | 3 | |
31 total
» upgrades
| Ranged Weapons | 3 | |
| Liquid Fire | 1 | |
| Armor | 2 | |
| Envenomed Spears | 1 | |
7 total
» buildings
| Altar of Storms | 1 | |
| Orc Burrow | 5 | |
| War Mill | 1 | |
| Voodoo Lounge | 3 | |
| Watch Tower | 33 | |
| Stronghold | 1 | |
| Fortress | 1 | |
| Beastiary | 2 | |
47 total
» build order
00:07 Altar of Storms
00:20 Orc Burrow
00:36 War Mill
01:24 Voodoo Lounge
01:29 Voodoo Lounge
01:59 Watch Tower
02:25 Watch Tower
02:40 Orc Burrow
03:08 Watch Tower
03:24 Watch Tower
03:45 Watch Tower
04:15 Watch Tower
04:16 Watch Tower
04:23 Stronghold
04:35 Watch Tower
05:06 Voodoo Lounge
05:27 Watch Tower
05:53 Watch Tower
06:02 Watch Tower
06:20 Watch Tower
06:21 Watch Tower
06:23 Watch Tower
06:23 Watch Tower
06:59 Watch Tower
06:59 Watch Tower
07:08 Fortress
07:10 Beastiary
07:15 Beastiary
07:42 Watch Tower
07:42 Watch Tower
07:44 Watch Tower
09:10 Watch Tower
09:10 Watch Tower
11:13 Orc Burrow
11:51 Watch Tower
11:51 Watch Tower
14:27 Watch Tower
14:27 Watch Tower
14:28 Watch Tower
14:28 Watch Tower
14:29 Watch Tower
14:30 Watch Tower
14:41 Orc Burrow
15:34 Watch Tower
15:35 Watch Tower
15:35 Watch Tower
24:18 Orc Burrow
» items
| Boots of Speed | 1 | |
| Staff of Teleportation | 1 | |
| Healing Salve | 3 | |
| Orb of Lightning | 1 | |
| Lesser Clarity Potion | 4 | |
| Scroll of Town Portal | 1 | |
| Mechanical Critter | 1 | |
12 total
feedingfingertm (
green | 73 APM | 4356 actions | 59:51)
5 Warden
2 Shadow Strike
3 Blink
» actions
| Assign group hotkey | 74 | |
| Basic commands | 36 | |
| Build / train | 89 | |
| ESC pressed | 2 | |
| Enter build submenu | 23 | |
| Enter hero's abilities submenu | 5 | |
| Give item / drop item | 1 | |
| Right click | 2991 | |
| Select / deselect | 478 | |
| Select group hotkey | 362 | |
| Use ability | 293 | |
4356 total
» units
| Wisp | 30 | |
| Druid of the Talon | 6 | |
36 total
» upgrades
| Ultravision | 1 | |
| Well Spring | 1 | |
| Strength of the Wild | 3 | |
| Reinforced Hides | 2 | |
| Druid of the Talon Training | 2 | |
| Mark of the Talon | 1 | |
| Nature's Blessing | 1 | |
11 total
» buildings
| Altar of Elders | 1 | |
| Moon Well | 12 | |
| Tree of Ages | 3 | |
| Tree of Life | 2 | |
| Hunter's Hall | 1 | |
| Tree of Eternity | 4 | |
| Ancient of Wonders | 1 | |
| Ancient of Wind | 2 | |
26 total
» build order
00:34 Altar of Elders
00:36 Moon Well
01:27 Moon Well
05:09 Moon Well
05:10 Moon Well
06:05 Tree of Ages
06:05 Tree of Ages
06:38 Tree of Life
07:13 Hunter's Hall
08:36 Tree of Eternity
08:37 Tree of Eternity
09:10 Moon Well
09:10 Moon Well
10:26 Ancient of Wonders
12:31 Ancient of Wind
15:25 Ancient of Wind
23:19 Tree of Life
26:38 Moon Well
27:55 Moon Well
27:57 Moon Well
31:23 Moon Well
31:26 Moon Well
31:30 Moon Well
» items
| Lesser Clarity Potion | 8 | |
| Healing Salve | 3 | |
| Boots of Speed | 1 | |
| Orb of Lightning | 1 | |
| Anti-magic Potion | 1 | |
| Staff of Teleportation | 1 | |
| Potion of Lesser Invulnerability | 2 | |
| Tiny Great Hall | 1 | |
| Scroll of Town Portal | 2 | |
20 total
mata (
purple | 87 APM | 5237 actions | 59:51)
4 Pandaren Brewmaster
2 Breath of Fire
2 Drunken Brawler
5 Archmage
3 Blizzard
2 Brilliance Aura
» actions
| Assign group hotkey | 155 | |
| Basic commands | 34 | |
| Build / train | 241 | |
| ESC pressed | 2 | |
| Enter build submenu | 141 | |
| Enter hero's abilities submenu | 9 | |
| Give item / drop item | 2 | |
| Remove unit from queue | 4 | |
| Right click | 2452 | |
| Select / deselect | 1444 | |
| Select group hotkey | 415 | |
| Use ability | 330 | |
5237 total
» units
| Peasant | 34 | |
| Priest | 1 | |
| Dragonhawk Rider | 14 | |
49 total
» upgrades
| Masonry | 3 | |
| Lumber Harvesting | 2 | |
| Armor | 3 | |
| Animal War Training | 1 | |
| Magic Sentry | 1 | |
| Priest Training | 0 | |
10 total
» buildings
| Altar of Kings | 1 | |
| Lumber Mill | 2 | |
| Farm | 15 | |
| Scout Tower | 120 | |
| Arcane Tower | 8 | |
| Guard Tower | 126 | |
| Town Hall | 1 | |
| Keep | 2 | |
| Castle | 2 | |
| Arcane Vault | 2 | |
| Barracks | 1 | |
| Blacksmith | 1 | |
| Arcane Sanctum | 1 | |
| Gryphon Aviary | 2 | |
284 total
» build order
00:06 Altar of Kings
00:17 Lumber Mill
01:09 Farm
01:20 Scout Tower
01:41 Scout Tower
01:43 Scout Tower
01:51 Arcane Tower
01:52 Arcane Tower
01:52 Scout Tower
02:00 Farm
02:07 Scout Tower
02:09 Scout Tower
02:10 Arcane Tower
02:10 Arcane Tower
02:21 Guard Tower
02:21 Guard Tower
02:22 Scout Tower
02:35 Scout Tower
02:39 Scout Tower
02:40 Scout Tower
02:40 Guard Tower
02:41 Guard Tower
02:49 Guard Tower
02:50 Scout Tower
03:04 Guard Tower
03:04 Guard Tower
03:06 Scout Tower
03:10 Guard Tower
03:12 Scout Tower
03:20 Guard Tower
03:20 Guard Tower
03:21 Scout Tower
03:23 Scout Tower
03:51 Guard Tower
03:51 Guard Tower
03:52 Scout Tower
03:53 Scout Tower
03:58 Scout Tower
04:00 Guard Tower
04:00 Guard Tower
04:02 Scout Tower
04:03 Scout Tower
04:38 Guard Tower
04:38 Guard Tower
04:38 Guard Tower
04:54 Scout Tower
04:55 Scout Tower
04:59 Guard Tower
05:00 Guard Tower
05:03 Guard Tower
05:09 Scout Tower
05:10 Scout Tower
05:13 Scout Tower
05:13 Scout Tower
05:42 Guard Tower
05:45 Guard Tower
05:45 Guard Tower
05:47 Guard Tower
05:47 Guard Tower
05:47 Guard Tower
05:50 Scout Tower
05:50 Scout Tower
05:53 Guard Tower
05:53 Guard Tower
05:59 Scout Tower
06:00 Scout Tower
06:07 Scout Tower
06:07 Scout Tower
06:10 Guard Tower
06:12 Scout Tower
06:39 Guard Tower
06:39 Guard Tower
06:41 Scout Tower
06:53 Town Hall
07:05 Guard Tower
07:15 Guard Tower
07:16 Guard Tower
07:36 Keep
07:37 Keep
07:57 Guard Tower
07:57 Guard Tower
07:57 Guard Tower
09:10 Guard Tower
09:11 Guard Tower
09:12 Scout Tower
09:20 Scout Tower
09:20 Scout Tower
09:58 Scout Tower
09:58 Scout Tower
10:00 Scout Tower
10:33 Scout Tower
10:34 Scout Tower
10:37 Scout Tower
10:40 Guard Tower
10:59 Guard Tower
10:59 Guard Tower
11:00 Scout Tower
11:01 Scout Tower
11:01 Scout Tower
12:05 Guard Tower
12:05 Guard Tower
13:32 Guard Tower
13:32 Guard Tower
13:56 Castle
14:01 Scout Tower
14:02 Scout Tower
14:02 Scout Tower
14:03 Scout Tower
14:04 Scout Tower
14:05 Scout Tower
14:16 Scout Tower
14:39 Arcane Vault
14:56 Scout Tower
14:56 Scout Tower
14:57 Guard Tower
15:20 Scout Tower
15:21 Scout Tower
15:21 Scout Tower
15:22 Guard Tower
15:22 Guard Tower
15:57 Guard Tower
16:15 Scout Tower
16:16 Scout Tower
16:17 Scout Tower
17:13 Scout Tower
17:13 Scout Tower
17:14 Scout Tower
17:18 Guard Tower
17:19 Guard Tower
17:19 Scout Tower
17:20 Scout Tower
17:26 Guard Tower
17:27 Guard Tower
17:27 Scout Tower
17:28 Scout Tower
17:33 Barracks
17:38 Blacksmith
17:52 Guard Tower
17:52 Guard Tower
17:57 Scout Tower
17:57 Guard Tower
18:17 Arcane Sanctum
18:24 Scout Tower
18:25 Guard Tower
19:00 Guard Tower
19:02 Scout Tower
19:03 Scout Tower
19:05 Scout Tower
19:05 Scout Tower
19:06 Scout Tower
19:16 Farm
19:16 Farm
19:17 Farm
19:23 Scout Tower
19:26 Scout Tower
19:27 Scout Tower
19:42 Guard Tower
19:43 Guard Tower
19:50 Scout Tower
20:02 Guard Tower
20:02 Guard Tower
20:04 Scout Tower
20:05 Scout Tower
20:06 Scout Tower
20:07 Scout Tower
20:37 Guard Tower
20:37 Guard Tower
20:41 Guard Tower
20:41 Guard Tower
20:59 Gryphon Aviary
21:09 Guard Tower
21:10 Guard Tower
21:52 Guard Tower
21:52 Guard Tower
21:52 Guard Tower
25:06 Gryphon Aviary
25:16 Scout Tower
25:17 Scout Tower
25:23 Scout Tower
25:29 Scout Tower
25:30 Scout Tower
25:49 Guard Tower
25:49 Guard Tower
25:51 Scout Tower
26:16 Lumber Mill
26:28 Farm
26:30 Farm
27:08 Scout Tower
27:09 Scout Tower
27:11 Scout Tower
27:12 Scout Tower
27:13 Scout Tower
27:21 Farm
27:23 Guard Tower
27:23 Guard Tower
27:41 Guard Tower
27:41 Guard Tower
27:47 Scout Tower
27:48 Scout Tower
27:49 Scout Tower
27:50 Scout Tower
27:51 Scout Tower
27:59 Scout Tower
27:59 Scout Tower
28:00 Scout Tower
28:00 Scout Tower
28:02 Scout Tower
28:03 Scout Tower
28:03 Scout Tower
28:22 Farm
28:24 Guard Tower
28:24 Guard Tower
28:24 Guard Tower
28:34 Guard Tower
28:34 Guard Tower
28:40 Farm
28:40 Farm
28:41 Farm
29:23 Guard Tower
29:23 Guard Tower
29:31 Scout Tower
29:32 Scout Tower
29:42 Scout Tower
29:43 Scout Tower
29:44 Scout Tower
29:44 Scout Tower
30:07 Guard Tower
30:16 Arcane Vault
30:18 Guard Tower
30:37 Scout Tower
30:38 Scout Tower
31:15 Farm
31:29 Guard Tower
32:15 Scout Tower
32:16 Scout Tower
34:26 Farm
34:27 Farm
35:11 Guard Tower
35:12 Guard Tower
36:10 Scout Tower
36:14 Scout Tower
36:37 Arcane Tower
36:40 Arcane Tower
36:41 Arcane Tower
» items
| Lesser Clarity Potion | 5 | |
| Orb of Lightning | 2 | |
| Healing Salve | 4 | |
| Staff of Sanctuary | 2 | |
| Potion of Healing | 1 | |
| Staff of Teleportation | 1 | |
| Boots of Speed | 1 | |
16 total
Chat log
(04:47 / All) BEAR_AND: noob
(06:50 / Allies) feedingfingertm: they towering expos
(07:22 / Allies) feedingfingertm: lets do left side ?
(12:11 / Allies) feedingfingertm: we just need xp
(12:12 / Allies) feedingfingertm: i have none
(12:33 / Allies) mata: exp is all there for the taking
(15:59 / Allies) feedingfingertm: only level 1 warden so i guess it's not so bad
(16:02 / Allies) feedingfingertm: but damn i cant get blink
(16:25 / Allies) feedingfingertm: that happened to me
(16:28 / Allies) feedingfingertm: that thing that just happened to you
(16:36 / Allies) feedingfingertm: buy anti magic shell maytbe
(17:04 / Allies) feedingfingertm: i dont have blink
(17:09 / Allies) feedingfingertm: do we have bats
(17:10 / Allies) feedingfingertm: thjey're pushing
(17:19 / Allies) feedingfingertm: like one
(18:08 / Allies) feedingfingertm: bat needsl fert
(18:11 / Allies) feedingfingertm: bats needed on lfet
(20:56 / Allies) feedingfingertm: c an we assisnate bandalrar
(21:04 / Allies) feedingfingertm: i can do the tth whenever
(23:27 / Allies) feedingfingertm: lost my aows damn
(23:41 / Allies) feedingfingertm: tree goin up
(26:17 / Allies) feedingfingertm: shit i cant
(26:19 / Allies) feedingfingertm: rev hero
(26:25 / Allies) feedingfingertm: yea
(27:38 / Allies) feedingfingertm: perch aint ready
(27:38 / Allies) feedingfingertm: 3
(28:42 / Allies) feedingfingertm: fuuuck
(28:55 / Allies) feedingfingertm: someone can get to shop
(28:55 / Allies) feedingfingertm: soakgf
(29:09 / Allies) feedingfingertm: i had a fguy there
(29:13 / Allies) feedingfingertm: but they found just before
(29:24 / All) hotDaddy: u still have chance
(29:48 / Allies) feedingfingertm: fuck my warden just did nothing this game
(32:30 / Allies) feedingfingertm: im trying again
(32:41 / Allies) feedingfingertm: thats a tyler job
(32:46 / Allies) feedingfingertm: yes
(32:59 / Allies) feedingfingertm: ok actually you just distract
(33:00 / Allies) feedingfingertm: i use dot
(33:07 / Allies) feedingfingertm: dont wanna get you killed
(33:17 / Allies) feedingfingertm: ok ready
(33:36 / Allies) feedingfingertm: phew
(33:49 / Allies) feedingfingertm: id like to creep that top thing
(34:04 / Allies) feedingfingertm: staff on cd
(34:27 / Allies) feedingfingertm: i do actually
(34:33 / Allies) feedingfingertm: move salve
(34:33 / Allies) feedingfingertm: yea
(34:39 / Allies) feedingfingertm: actually nvm
(34:41 / Allies) feedingfingertm: you do your thing
(34:42 / Allies) feedingfingertm: i can do this
(36:09 / Allies) feedingfingertm: got pendant of energy nice
(38:17 / All) BosniaRazzarac: fucking noob
(38:22 / All) BEAR_AND: lmao
(38:23 / All) BosniaRazzarac: give ass for win
(38:23 / All) mata: ?:)
(39:08 / Allies) feedingfingertm: huh what i miss
(39:17 / Allies) feedingfingertm: i saw that
(40:32 / Allies) feedingfingertm: damnit i need a reveal so i can blink up
(40:35 / Allies) feedingfingertm: but both on cooldown
(41:31 / Allies) feedingfingertm: they might be trying again
(41:33 / Allies) feedingfingertm: based on their movement
(42:08 / All) JustRelax.: how did you get there guys?
(42:11 / Allies) feedingfingertm: rofl
(42:14 / Allies) feedingfingertm: its been so long
(42:34 / All) BEAR_AND: }when you put a tauren chieftain and 7 wisps at merc camp you can buy zep
(42:55 / All) hotDaddy: smart i have to go shover
(43:05 / All) feedingfingertm: yea ur play real dirty
(43:44 / Allies) feedingfingertm: yes
(44:24 / All) BEAR_AND: are you ok?
(44:41 / All) feedingfingertm: i knew it was a shower bait
(45:56 / All) BEAR_AND: https://highper.ch/ ?:)
(45:57 / All) feedingfingertm: he wasnt even that hot of a daddy
(46:25 / Allies) feedingfingertm: yeah id rather just buy another tp
(46:25 / Allies) feedingfingertm: yeah
(47:03 / Allies) feedingfingertm: i have blink 3 now
(47:11 / Allies) feedingfingertm: killed a peasant or something
(47:21 / Allies) feedingfingertm: well ive been alive for a few pushes
(48:33 / All) BEAR_AND: so where in europe are you from?
(50:37 / All) JustRelax.: call it a tie?
(50:47 / All) BEAR_AND: seems like you won....
(50:52 / All) BEAR_AND: just finish it
(54:06 / All) JustRelax.: isnt it borin to cheat?
(54:13 / All) BEAR_AND: who's cheating
(54:20 / All) mata: hacks arent cheating...
(56:58 / All) JustRelax.: you guys are really funny :D
(57:06 / All) BEAR_AND: excuse me?
(59:32 / All) JustRelax.: y